 Dungeon Crawl Stone Soup version 0.28.0-45-g0d030f2227 (webtiles) character file.

Game seed: 9337729585250113723

700 Bruhh the Fighter (level 7, -5/63 HPs)
             Began as a Human Fighter on Apr 20, 2022.
             Was an Initiate of the Shining One.
             Killed by nerve-wracking pain
             ... invoked by an orc priest
              (14 damage)
             ... on level 5 of the Dungeon.
             The game lasted 00:10:40 (5435 turns).

Bruhh the Fighter (Human Fighter)                   Turns: 5435, Time: 00:10:41

Health: -5/63      AC: 11    Str: 18    XL:     7   Next: 98%
Magic:  7/7        EV:  5    Int:  9    God:    the Shining One [......]
Gold:   303        SH:  4    Dex: 12    Spells: 6/6 levels left

rFire   + . .      SeeInvis .   a - +0 war axe
rCold   + . .      Faith    .   c - +0 buckler
rNeg    . . .      Spirit   .   o - +0 plate armour
rPois   .          Reflect  .   (no helmet)
rElec   .          Harm     .   l - scarf {rC+ rF+}
rCorr   .          Rampage  .   (no gloves)
Will    .....                   (no boots)
Stlth   ..........              (no amulet)
HPRegen 0.20/turn               (no ring)
MPRegen 0.10/turn               (no ring)

@: glowing
A: no striking features
a: Renounce Religion


You were on level 5 of the Dungeon.
You worshipped the Shining One.
The Shining One was noncommittal.
You visited 2 branches of the dungeon, and saw 6 of its levels.

You collected 303 gold pieces.

Inventory:

Hand Weapons
 a - a +0 war axe (weapon)
Armour
 b - a +0 scale mail
 c - a +0 buckler (worn)
 j - a scarf of repulsion
 l - a scarf of resistance (worn)
 o - a +0 plate armour (worn)
Jewellery
 f - a +6 ring of intelligence
 s - an amulet of magic regeneration
Wands
 r - a wand of flame (16)
 w - a wand of iceblast (9)
 x - a wand of charming (12)
Scrolls
 e - 4 scrolls of identify {unknown}
 g - a scroll of acquirement {unknown}
 h - 3 scrolls of blinking {unknown}
 k - 2 scrolls of fear {unknown}
 q - a scroll of silence {unknown}
 t - a scroll of teleportation {unknown}
Potions
 d - a potion of attraction {unknown}
 i - 2 potions of lignification {unknown}
 m - a potion of resistance {unknown}
 n - 2 potions of haste {unknown}
 p - a potion of curing {unknown}
 u - a potion of might
 v - 2 potions of ambrosia {unknown}


   Skills:
 + Level 8.7 Fighting
 - Level 2.0 Axes
 - Level 3.0 Armour
 - Level 3.0 Shields


You had 6 spell levels left.
You didn't know any spells.
Your spell library contained the following spells:

 Spells                   Type           Power      Damage    Failure   Level
 Animate Skeleton         Necr           0%         N/A       100%        1
 Pain                     Necr           0%         1d4       100%        1
 Corpse Rot               Necr/Air       0%         N/A       100%        2
 Poisonous Vapours        Pois/Air       0%         N/A       100%        2
 Vampiric Draining        Necr           0%         2d6       100%        3
 Fireball                 Conj/Fire      0%         3d3       100%        5
 Starburst                Conj/Fire      0%         6d3       100%        6
 Ignition                 Fire           0%         3d3       100%        8


Dungeon Overview and Level Annotations

Branches:
Dungeon (5/15)             Temple (1/1) D:4

Altars:
Ashenzari
Cheibriados
Dithmenos
Elyvilon
Fedhas
Gozag
Kikubaaqudgha
Makhleb
Nemelex Xobeh
Okawaru
Qazlal
Ru
Sif Muna
Uskayaw
Vehumet
Wu Jian
Xom
Yredelemnul
Zin
The Shining One

Shops:
D:4 [


Message History

The orc priest calls down the wrath of Beogh upon you.
Beogh smites you!
You hit the orc.
You kill the orc!
You block the orc's attack.
The orc priest looks encouraged for a moment.
Things that are here:
a +0 trident; a +0 leather armour You block the orc's attack.
The orc priest barely misses you.
You completely miss the orc. The orc hits you but does no damage.
The orc priest looks satisfied for a moment.
You hit the orc.
The orc is severely wounded.
The orc priest invokes the aid of Beogh against you.
You struggle to resist.
The orc hits you with a +0 morningstar.
You completely miss the orc priest. You slash the orc!
You kill the orc!
The orc priest hits you but does no damage. x2
The orc priest barely misses you.
You hit the orc.
The orc is moderately wounded.
You hit the orc priest. You block the orc's attack.
The orc priest looks braver for a moment.
The orc priest invokes the aid of Beogh against you.
Pain shoots through your body!
You slash the orc!
You kill the orc!
You hit the orc priest.
The orc priest mumbles some strange prayers to Beogh against you.
Pain shoots through your body!
The orc priest invokes the aid of Beogh against you.
Beogh smites you! You block the orc priest's attack.
The orc priest calls down the wrath of Beogh upon you.
Beogh smites you!
* * * LOW HITPOINT WARNING * * *
You completely miss the orc priest.
The orc priest is severely wounded.
The orc priest calls down the wrath of Beogh upon you.
Pain shoots through your body!
You die...

##..........#
#>.........#
#..........#
##.........#########
######)##.........#
#...........<(.#
#......#.......#
#......#.......#
####...#...@o..#
#)..####)####
#.....#.o.
#.....#....
#.....+....#
#.##.##....#
########.# +##....#
+........+ .....#
#........#


You could see 2 orc priests.

Vanquished Creatures
  2 ogres
  A centaur (D:5)
  A bullfrog (D:4)
  2 hounds
  A bullfrog skeleton (D:4)
  Terence (D:1)
  An iguana (D:2)
  4 orc wizards (D:3)
  A hound skeleton (D:4)
  A gnoll (D:1)
  A howler monkey skeleton (D:4)
  4 adders
  An ufetubus (D:4)
  An adder skeleton (D:4)
  2 dart slugs
  11 orcs
  8 bats
  3 endoplasms
  2 giant cockroaches
  10 hobgoblins
  4 jackals (D:1)
  2 quokkas
  3 ball pythons
  5 frilled lizards
  4 goblins
  7 kobolds
  A rat (D:2)
84 creatures vanquished.

Notes
Turn   | Place    | Note
-------+----------+-------------------------------------------
     0 | D:1      | Bruhh the Human Fighter began the quest for the Orb.
     0 | D:1      | Reached XP level 1. HP: 18/18 MP: 1/1
    44 | D:1      | Reached XP level 2. HP: 22/24 MP: 2/2
   360 | D:1      | Found a faded altar of an unknown god.
   376 | D:1      | Reached skill level 4 in Fighting
   376 | D:1      | Reached XP level 3. HP: 21/30 MP: 3/3
   978 | D:2      | Noticed Terence
  1072 | D:1      | Killed Terence
  1073 | D:1      | Reached XP level 4. HP: 6/38 MP: 4/4
  1368 | D:2      | Reached skill level 5 in Fighting
  2197 | D:3      | Reached XP level 5. HP: 41/44 MP: 5/5
  2403 | D:3      | Reached skill level 6 in Fighting
  2524 | D:3      | Reached XP level 6. HP: 49/52 MP: 6/6
  2663 | D:3      | You fall into a shaft and drop 2 floors!
  2663 | D:5      | Entered Level 5 of the Dungeon
  3304 | D:4      | Reached skill level 7 in Fighting
  3595 | D:4      | Found Vuudaat's Antique Armour Shop.
  3760 | D:4      | Found a staircase to the Ecumenical Temple.
  3764 | D:4      | Noticed an ogre
  3807 | D:3      | Reached XP level 7. HP: 39/60 MP: 7/7
  4317 | Temple   | Entered the Ecumenical Temple
  4596 | Temple   | Became a worshipper of the Shining One
  4861 | D:4      | Reached skill level 8 in Fighting
  5435 | D:5      | Killed from afar by an orc priest

Illustrated notes

Levels and vault maps discovered:
D:1:      dpeg_arrival_oval, layout_basic,
          chequers_ecumenical_altar_simple_redux,
          chequers_serial_rivers_micro_a, skrybe_limestone_x
D:2:      layout_basic, uniq_terence
D:3:      layout_basic, minmay_liquid_box
D:4:      layout_basic, minmay_temple_entry_junction, serial_shops,
          nicolae_shop_waterfront, kennysheep_generic_room_9
D:5:      old_forge, layout_gridville, uniq_eustachio
Temple:   mainiacjoe_temple_cubbyholes

Skill      XL: |  1  2  3  4  5  6  7 |
---------------+----------------------+-----
Fighting       | 4 5 6 7 8 |  8.7
Axes           | |  2.0
Armour         | |  3.0
Shields        | |  3.0

Action                   |  1- 3 |  4- 6 |  7- 9 || total
-------------------------+-------+-------+-------++-------
Melee: War axe           |    53 |   160 |    73 ||   286
  Use: Potion            |     1 |       |       ||     1
Armor: Scale mail        |    32 |    76 |       ||   108
       Plate armour      |       |    73 |    55 ||   128
Dodge: Dodged            |    32 |    54 |    31 ||   117
Block: Buckler           |     8 |    44 |    22 ||    74
